AoeStats
← RedJenga7

Arena

507495846Analyzed
4v4 RM · 14d ago on Sep 18, 2026· 54m 5s· 8 players
Game mode
Random Map
Map size
Large (8 player)
Population
200
Speed
Normal
Resources
Standard
Victory
Conquest
Starting age
Dark Age
Ending age
Imperial Age
RankedLock teamsTeams togetherTeam positionsShared explorationLock speedFull tech treeHidden civsTurbo modeCheats
Victory
Defeat
🇦🇷 Franks · Argentina
1232
+13
🇭🇷 Spanish · Croatia
1197
+14
🇦🇷 Vietnamese · Argentina
1178
+15
🇬🇧 Huns · United Kingdom
1159
+16
🇨🇳 Ethiopians · China
1196
-16
🇨🇳 Goths · China
1191
-16
🇨🇳 Khmer · China
1190
-15
🇨🇳 Poles · China
1076
-11
Rod1990
10:15 Feudal Age
10:41 Double-Bit Axe
10:40 Horse Collar
15:59 Castle Age
15:18 Wheelbarrow
15:46 Stone Mining
15:49 Gold Mining
15:55 Stone Mining
17:21 Bow Saw
17:16 Heavy Plow
23:19 Gold Shaft Mining
23:27 Stone Shaft Mining
24:19 Hand Cart
29:24 Imperial Age
30:37 Conscription
30:47 Husbandry
30:57 Bloodlines
30:07 Light Cavalry
33:39 Siege Engineers
34:23 Scale Barding Armor
34:32 Forging
34:25 Loom
34:27 Town Watch
34:36 Fletching
35:21 Crop Rotation
37:43 Murder Holes
37:58 Fortified Wall
38:00 Masonry
38:32 Double Crossbow
39:14 Chain Barding Armor
38:51 Bodkin Arrow
41:30 Ballistics
43:21 Chemistry
42:52 Architecture
43:53 Elite Ballista Elephant
45:12 Plate Barding Armor
45:40 Bracer
47:55 Iron Casting
午夜屠猪男
9:54 Feudal Age
15:11 Castle Age
13:31 Double-Bit Axe
14:42 Horse Collar
15:59 Loom
25:08 Scale Mail Armor
31:22 Imperial Age
29:43 Forging
29:48 Chain Mail Armor
29:37 Pikeman
30:17 Squires
30:59 Iron Casting
31:12 Bow Saw
36:07 Chemistry
36:21 Halberdier
40:09 Conscription
39:50 Anarchy
39:57 Gold Mining
39:58 Stone Mining
42:11 Blast Furnace
41:02 Fletching
41:12 Padded Archer Armor
42:59 Elite Skirmisher
43:36 Bodkin Arrow
47:30 Bracer
47:45 Leather Archer Armor
50:49 Perfusion
Salkeliet
10:56 Feudal Age
14:32 Castle Age
12:34 Double-Bit Axe
13:08 Horse Collar
15:39 Bow Saw
15:36 Heavy Plow
18:03 Loom
22:25 Wheelbarrow
21:39 Town Watch
22:27 Gold Mining
24:10 Gold Shaft Mining
25:19 Fletching
28:17 Imperial Age
25:19 Crossbowman
26:28 Bodkin Arrow
27:16 Padded Archer Armor
27:10 Stone Mining
27:56 Thumb Ring
28:56 Leather Archer Armor
28:51 Squires
30:07 Chemistry
29:10 Bracer
29:48 Arbalester
31:10 Ring Archer Armor
31:33 Capped Ram
31:39 Capped Ram
32:22 Scale Mail Armor
32:32 Forging
31:45 Halberdier
36:11 Chain Mail Armor
36:31 Iron Casting
36:20 Hand Cart
38:36 Plate Mail Armor
39:05 Siege Engineers
40:27 Blast Furnace
40:20 Stone Shaft Mining
41:19 Two-Man Saw
40:29 Siege Ram
41:11 Arson
42:41 Conscription
42:09 Onager
44:21 Masonry
44:42 Torsion Engines
45:04 Town Patrol
46:29 Ballistics
46:39 Architecture
47:14 Siege Onager
410167949
10:09 Feudal Age
11:03 Double-Bit Axe
18:19 Castle Age
18:33 Horse Collar
20:52 Loom
20:54 Town Watch
27:32 Bow Saw
31:43 Imperial Age
29:49 Wheelbarrow
30:32 Szlachta Privileges
30:41 Bloodlines
30:33 Husbandry
30:55 Forging
30:49 Heavy Plow
31:54 Hand Cart
32:26 Scale Barding Armor
32:56 Iron Casting
32:45 Conscription
31:48 Cavalier
33:28 Gold Mining
35:24 Chemistry
34:35 Fortified Wall
35:40 Town Patrol
36:44 Blast Furnace
36:09 Chain Barding Armor
35:50 Stone Mining
39:07 Fletching
41:30 Crop Rotation
42:42 Hoardings
42:28 Lechitic Legacy
41:30 Light Cavalry
42:16 Winged Hussar
44:15 Stone Shaft Mining
45:00 Pikeman
45:40 Squires
51:02 Scale Mail Armor
50:58 Bodkin Arrow
51:03 Murder Holes
51:20 Masonry
51:31 Ballistics
50:52 Treadmill Crane
52:11 Chain Mail Armor
DHOKO
11:06 Feudal Age
16:26 Castle Age
14:25 Loom
16:38 Double-Bit Axe
16:35 Horse Collar
18:31 Wheelbarrow
17:42 Town Watch
20:46 Heavy Plow
21:27 Bow Saw
25:05 Fletching
26:04 Fortified Wall
27:14 Bodkin Arrow
31:09 Imperial Age
29:14 Scale Barding Armor
29:20 Forging
29:43 Chatras
30:36 Chain Barding Armor
31:24 Bloodlines
34:14 Chemistry
37:38 Iron Casting
42:38 Ballistics
42:12 Gold Mining
43:26 Two-Man Saw
44:29 Padded Archer Armor
44:29 Bracer
46:22 Crop Rotation
46:45 Leather Archer Armor
46:57 Crossbowman
47:43 Thumb Ring
48:07 Hand Cart
48:26 Arbalester
Filip_jede_Meso
10:40 Feudal Age
14:45 Castle Age
13:42 Double-Bit Axe
13:38 Horse Collar
15:45 Bow Saw
19:27 Loom
21:25 Heavy Plow
22:52 Wheelbarrow
23:42 Stone Mining
23:45 Gold Mining
24:43 Town Watch
26:33 Hand Cart
26:45 Padded Archer Armor
26:35 Fletching
28:42 Stone Shaft Mining
29:10 Husbandry
29:20 Bloodlines
29:27 Leather Archer Armor
31:06 Masonry
31:07 Fortified Wall
31:19 Ballistics
31:49 Scale Barding Armor
31:55 Forging
32:18 Murder Holes
33:09 Chain Barding Armor
34:07 Iron Casting
37:36 Imperial Age
38:52 Ring Archer Armor
39:26 Chemistry
38:56 Architecture
37:49 Elite Conquistador
39:05 Hoardings
38:51 Conscription
38:52 Supremacy
39:11 Plate Barding Armor
39:36 Blast Furnace
40:38 Light Cavalry
42:23 Two-Man Saw
41:41 Hussar
Eros.99
10:34 Feudal Age
10:37 Loom
15:40 Castle Age
13:41 Double-Bit Axe
17:43 Bow Saw
20:25 Wheelbarrow
19:45 Gold Mining
21:28 Town Watch
28:40 Imperial Age
27:43 Scale Barding Armor
28:43 Chain Barding Armor
29:12 Husbandry
28:56 Cavalier
30:58 Plate Barding Armor
31:26 Hand Cart
31:23 Paladin
33:50 Forging
35:49 Iron Casting
39:05 Blast Furnace
RedJenga7
10:02 Feudal Age
14:59 Castle Age
13:01 Double-Bit Axe
13:52 Horse Collar
18:59 Heavy Plow
20:33 Bow Saw
22:10 Wheelbarrow
22:17 Gold Mining
23:49 Hand Cart
24:28 Stone Mining
27:43 Loom
30:29 Imperial Age
29:12 Scale Barding Armor
29:43 Husbandry
29:53 Bloodlines
29:57 Forging
31:09 Cavalier
31:16 Capped Ram
33:01 Iron Casting
32:47 Chain Barding Armor
34:57 Elite Skirmisher
35:42 Thumb Ring
35:29 Fletching
36:57 Padded Archer Armor
37:24 Imperial Skirmisher
38:50 Bodkin Arrow
39:10 Leather Archer Armor
39:12 Heavy Cavalry Archer
41:17 Ballistics
41:58 Chemistry
42:24 Gold Shaft Mining
41:48 Siege Ram
45:43 Parthian Tactics
45:56 Paladin
Connection lost

Rejoining the realm…

Still unreachable

The connection could not be restored.

Session expired

The server has moved on; the page needs a fresh start.